 Dungeon Crawl Stone Soup version 0.21-a0-529-g8c7b3f5 (webtiles) character file.

44 Lasiace the Skirmisher (level 3, -5/52 HPs)
             Began as a Gnoll Wanderer on Dec 10, 2017.
             Killed from afar by a goblin (21 damage)
             ... with an exploding inner flame
             ... led by Robin
             ... hexed by the player character
             ... on level 2 of the Dungeon.
             The game lasted 00:08:29 (1252 turns).

Lasiace the Skirmisher (Gnoll Wanderer)             Turns: 1252, Time: 00:08:29

Health: -5/52      AC: 21    Str: 15    XL:     3   Next: 62%
Magic:  4/4        EV:  2    Int: 14    God:
Gold:   35         SH:  0    Dex: 14    Spells: 3/3 levels left

rFire    . . .     SeeInvis .   a - +1 spear
rCold    . . .     Gourm    .   (no shield)
rNeg     + + +     Faith    .   (armour currently unavailable)
rPois    +         Spirit   .   (helmet currently unavailable)
rElec    .         Reflect  .   (cloak currently unavailable)
rCorr    .         Harm     .   (gloves currently unavailable)
MR       .....     NoTele   +   (boots currently unavailable)
Stlth    ++........             I - amulet of regeneration
HPRegen  0.57/turn              (no ring)
MPRegen  0.09/turn              (no ring)

@: tree-form
A: distributed training, strong nose
a: no special abilities


You were on level 2 of the Dungeon.
You were not hungry.
You were a tree.
You visited 1 branch of the dungeon, and saw 2 of its levels.

You collected 35 gold pieces.

Inventory:

Hand Weapons
 a - a +1 spear (weapon)
Missiles
 g - 13 stones (quivered) {@Q0}
 m - 12 sling bullets {@Q3}
 o - 6 poisoned needles
Armour
 s - a +0 pair of gloves (melded)
 D - a +0 chain mail (melded)
Jewellery
 I - an amulet of regeneration (around neck)
Scrolls
 b - a scroll of remove curse
 e - a scroll of enchant weapon
 k - 2 scrolls of identify {@r4}
Potions
 n - a potion of invisibility {unknown}
 p - a potion of might {unknown}
Books
 B - a book of Frost

   Spells                             Type                      Level
   a - Freeze                         Ice                          1
   b - Throw Frost                    Conjuration/Ice              2
   c - Ozocubu's Armour               Charms/Ice                   3
   d - Throw Icicle                   Conjuration/Ice              4
   e - Summon Ice Beast               Ice/Summoning                4
Comestibles
 d - 2 chunks of flesh
 f - 2 bread rations
 h - 2 meat rations
 l - 3 fruits


   Skills:
 + Level 6.5 Fighting
 + Level 0.8 Short Blades
 + Level 0.8 Long Blades
 + Level 0.8 Axes
 + Level 0.8 Maces & Flails
 + Level 0.8 Polearms
 + Level 0.8 Staves
 + Level 0.8 Slings
 + Level 0.8 Bows
 + Level 0.8 Crossbows
 + Level 0.8 Throwing
 + Level 4.5 Armour
 + Level 0.8 Dodging
 + Level 0.8 Stealth
 + Level 4.5 Shields
 + Level 0.8 Unarmed Combat
 + Level 0.8 Spellcasting
 + Level 0.5 Conjurations
 + Level 2.1 Hexes
 + Level 0.5 Charms
 + Level 0.5 Summonings
 + Level 0.5 Necromancy
 + Level 0.5 Translocations
 + Level 0.5 Transmutations
 + Level 0.5 Fire Magic
 + Level 3.7 Ice Magic
 + Level 0.5 Air Magic
 + Level 0.5 Earth Magic
 + Level 0.5 Poison Magic
 + Level 1.0 Invocations
 + Level 0.8 Evocations


You had 3 spell levels left.
You didn't know any spells.

Dungeon Overview and Level Annotations

Branches:
Dungeon (2/15)

Altars:
Ashenzari

Annotations:
D:2 Robin


Innate Abilities, Weirdness & Mutations

Your experience applies equally to all skills.
((You have very sharp teeth.))
Your uncanny sense of smell can sniff out nearby items.


Message History

The creatures around you are filled with an inner flame!
It was a scroll of immolation.
The goblin no longer looks unusually strong.
The goblin hits you but does no damage. x3
The hobgoblin hits you but does no damage.
The goblin hits you but does no damage. The hobgoblin completely misses you.
You hit the goblin.
The goblin is severely wounded.
The goblin no longer looks unusually strong. x2
Robin says, "Feeling lonely?"
Robin hits you but does no damage.
The goblin hits you but does no damage. x2
The goblin hits you.
* * * LOW HITPOINT WARNING * * *
The hobgoblin hits you but does no damage.
The goblin hits you but does no damage.
The hobgoblin hits you but does no damage.
You hit the goblin.
The goblin explodes!
The fiery explosion engulfs you!
You die...

#.# #.#
######.#####.#
..............#
######...######
##.## ### #.#
.. #.# §#
##.###$##
#...g♣gg#
#..ggggg###.
#.)..ggg((..
#....gg...((.
#.......#...(
#..........((
#..<.........
###.#.####.##
#...# #


You could see Robin (inner flame), 2 hobgoblins and 10 goblins.

Vanquished Creatures
  An adder (D:2)
  A worm (D:2)
  2 leopard geckos (D:1)
  A ball python (D:1)
  2 giant cockroaches (D:1)
  6 goblins
  2 hobgoblins
  6 bats
  5 kobolds
  4 rats
30 creatures vanquished.

Notes
Turn   | Place    | Note
-------+----------+-------------------------------------------
     0 | D:1      | Lasiace the Gnoll Wanderer began the quest for the Orb.
     0 | D:1      | Lasiace set off with: a +0 spear, a potion of lignification {!q}, a +0 robe, a bread ration, a book of Frost
     0 | D:1      | Reached XP level 1. HP: 23/23 MP: 1/1
   181 | D:1      | Reached XP level 2. HP: 29/29 MP: 2/2
   965 | D:2      | Reached XP level 3. HP: 35/35 MP: 3/3
   971 | D:2      | Found a shattered altar of Ashenzari.
  1191 | D:2      | Reached skill level 1 in Invocations
  1238 | D:2      | Noticed Robin
  1252 | D:2      | Killed from afar by a goblin

Vault maps used:
D:1:      minmay_arrival_diagonal_passages
D:2:      nicolae_ashenzari_panopticon, uniq_crazy_yiuf_cottage, uniq_robin

Skill      XL: |  1  2  3 |
---------------+----------+-----
Hexes          | 2 |  2.1
Invocations    | 1 |  1.0
Fighting       | |  6.5
Short Blades   | |  0.8
Long Blades    | |  0.8
Axes           | |  0.8
Maces & Flails | |  0.8
Polearms       | |  0.8
Staves         | |  0.8
Slings         | |  0.8
Bows           | |  0.8
Crossbows      | |  0.8
Throwing       | |  0.8
Armour         | |  4.5
Dodging        | |  0.8
Stealth        | |  0.8
Shields        | |  4.5
Unarmed Combat | |  0.8
Spellcasting   | |  0.8
Conjurations   | |  0.5
Charms         | |  0.5
Summonings     | |  0.5
Necromancy     | |  0.5
Translocations | |  0.5
Transmutations | |  0.5
Fire Magic     | |  0.5
Ice Magic      | |  3.7
Air Magic      | |  0.5
Earth Magic    | |  0.5
Poison Magic   | |  0.5
Evocations     | |  0.8

Action                   || total
-------------------------++-------
Melee: Spear             ||    82
       Bite              ||     4
Throw: Stone             ||    46
  Use: Scroll            ||     5
       Potion            ||     1
 Stab: Sleeping          ||     2
  Eat: Chunk             ||     1
Armor: Robe              ||     5
       Leather armour    ||     4
       Chain mail        ||    35
       Skin              ||    27
Dodge: Dodged            ||    28

Table legend:
 A = Spawn XP
 B = Non-spawn XP
 C = Spawn XP percentage of total XP
 D = Spawn monster count
 E = Non-spawn monster count
 F = Spawn count percentage of total count
 G = Total turns spent on level
                    A         B        C        D         E        F      G
               +---------+---------+-------+---------+---------+-------+---------
         Total |       0 |      64 |   0.0 |       0 |      30 |   0.0 |  1252
               +---------+---------+-------+---------+---------+-------+---------
           D:1 |       0 |      33 |   0.0 |       0 |      19 |   0.0 |   925
           D:2 |       0 |      31 |   0.0 |       0 |      11 |   0.0 |   327
               +---------+---------+-------+---------+---------+-------+---------
